 Dungeon Crawl Stone Soup version 0.28-a0-1594-ga885d4b3d6 (webtiles) character file.

Game seed: 10655581638322793505

15871 gruber the Destroyer (level 12, -6/74 HPs)
             Began as a Demonspawn Ice Elementalist on Jan 20, 2022.
             Was an Elder of Vehumet.
             Mangled by a death yak simulacrum (12 damage)
             ... in an ice cave.
             The game lasted 00:23:41 (14857 turns).

gruber the Destroyer (Demonspawn Ice Elementalist) Turns: 14857, Time: 00:23:42

Health: -6/74      AC: 16    Str: 11    XL:     12   Next: 5%
Magic:  0/26       EV: 12    Int: 22    God:    Vehumet [****..]
Gold:   414        SH:  0    Dex: 18    Spells: 16/31 levels left

rFire   + . .      SeeInvis .   G - +5 morningstar "Urepent" {elec, rF+ rCorr}
rCold   . . .      Faith    .   (no shield)
rNeg    . . .      Spirit   +   o - +1 leather armour "Afeu" {Str+3}
rPois   .          Reflect  .   (no helmet)
rElec   .          Harm     .   K - +2 cloak
rCorr   +          Rampage  .   (no gloves)
Will    .....                   h - +0 pair of boots
Stlth   ++++......              N - amulet of regeneration
HPRegen 1.02/turn               q - ring of flight
MPRegen 0.40/turn               (no ring)

@: ice-armoured, flying
A: claws 2, thin skeletal structure 2, magic shield, magic regeneration
a: Renounce Religion


You were in an ice cave.
You worshipped Vehumet.
Vehumet was greatly pleased with you.
You visited 2 branches of the dungeon, and saw 14 of its levels.
You also visited: Ice Cave.

You collected 657 gold pieces.
You spent 243 gold pieces at shops.

Inventory:

Hand Weapons
 j - a +0 dagger
 l - the +6 whip "Rex Gam" {flame, rC+}
   (You found it on level 3 of the Dungeon)

   It burns those it strikes, dealing additional fire damage.
   rC:        It protects you from cold.
 G - the +5 morningstar "Urepent" (weapon) {elec, rF+ rCorr}
   (You bought it in a shop on level 9 of the Dungeon)

   It occasionally discharges a powerful burst of electricity upon striking a
   foe.
   rF:        It protects you from fire.
   rCorr:     It protects you from acid and corrosion.
Missiles
 u - 3 throwing nets
 v - 43 arrows
Armour
 h - a +0 pair of boots (worn)
 o - the +1 leather armour "Afeu" (worn) {Str+3}
   (You found it on level 4 of the Dungeon)

   Str:       It affects your strength (+3).
 K - a +2 cloak (worn)
Magical Staves
 s - a staff of cold
Jewellery
 q - a ring of flight (left claw)
 N - an amulet of regeneration (around neck)
 O - a ring of fire
Wands
 i - a wand of flame (32)
 n - a wand of polymorph (12)
 B - a wand of acid (12)
 D - a wand of mindburst (12)
Scrolls
 a - 6 scrolls of identify {unknown}
 b - a scroll of brand weapon {unknown}
 c - 8 scrolls of teleportation
 f - 3 scrolls of enchant weapon {unknown}
 g - a scroll of blinking {unknown}
 m - 3 scrolls of amnesia {unknown}
 r - 2 scrolls of enchant armour {unknown}
 y - 3 scrolls of vulnerability {unknown}
 z - 5 scrolls of fear {unknown}
 E - a scroll of magic mapping {unknown}
 F - 2 scrolls of immolation {unknown}
 I - a scroll of noise {unknown}
 J - 3 scrolls of acquirement {unknown}
Potions
 d - a potion of cancellation {unknown}
 e - 4 potions of curing {unknown}
 k - a potion of berserk rage {unknown}
 p - 4 potions of mutation {unknown}
 t - a potion of lignification {unknown}
 w - 2 potions of haste {unknown}
 x - a potion of brilliance {unknown}
 A - a potion of degeneration {unknown}
 C - 2 potions of heal wounds {unknown}
 H - a potion of resistance {unknown}
 L - a potion of might {unknown}
 M - a potion of ambrosia {unknown}


   Skills:
 - Level 5.0 Armour
 - Level 2.0 Dodging
 - Level 1.7 Stealth
 - Level 10.0 Spellcasting
 - Level 11.2 Conjurations
 - Level 3.6 Summonings
 - Level 0.7 Translocations
 + Level 10.2 Ice Magic
 - Level 0.2 Earth Magic
 - Level 0.1 Invocations


You had 16 spell levels left.
You knew the following spells:

 Your Spells              Type           Power      Damage    Failure   Level
a - Freeze                Ice            100%       1d11      1%          1
b - Frozen Ramparts       Ice            100%       1d12      1%          3
c - Hailstorm             Conj/Ice       55%        3d12      1%          4
d - Ozocubu's Armour      Ice            54%        N/A       1%          3
e - Summon Ice Beast      Ice/Summ       41%        N/A       4%          4

Your spell library contained the following spells:

 Spells                   Type           Power      Damage    Failure   Level
 Irradiate                Conj/Tmut      17%        3d19      6%          5
 Dazzling Flash           Conj/Hex       70%        N/A       1%          3
 Iskenderun's Mystic Bla  Conj/Tloc      37%        2d9       1%          4
 Apportation              Tloc           28%        N/A       6%          1
 Ice Form                 Ice/Tmut       33%        N/A       10%         4
 Summon Guardian Golem    Hex/Summ       19%        N/A       11%         3
 Gell's Gravitas          Tloc           14%        N/A       17%         3
 Teleport Other           Tloc           14%        N/A       17%         3
 Orb of Destruction       Conj           28%        9d9       17%         7
 Starburst                Conj/Fire      17%        6d6       28%         6
 Spellforged Servitor     Conj/Summ      21%        N/A       58%         7
 Alistair's Intoxication  Tmut/Pois      7%         N/A       91%         5
 Dispersal                Tloc           7%         N/A       100%        6
 Disjunction              Tloc           7%         N/A       100%        8


Dungeon Overview and Level Annotations

Branches:
Dungeon (13/15)            Temple (1/1) D:6             Orc (0/2) D:9
  IceCv (1/1)
   Lair: D:8-11      Vaults: D:13-14

Altars:
Ashenzari
Cheibriados
Dithmenos
Elyvilon
Fedhas
Gozag
Hepliaklqana
Kikubaaqudgha
Makhleb
Nemelex Xobeh
Sif Muna
Uskayaw
Vehumet
Zin
The Shining One

Shops:
D:6 !   D:9 (   D:11 =

Annotations:
D:4 4 runed translucent doors
D:7 2 transporters, casual's ghost, novice OpTm


Innate Abilities, Weirdness & Mutations

You have very sharp fingernails.
You have a moderately thin skeletal structure. (Dex +4, Stealth++)
When hurt, damage is shared between your health and your magic reserves.
You regenerate magic rapidly.


Message History

The hail pelts the death yak simulacrum!!
The death yak simulacrum partially resists.
The death yak simulacrum is heavily damaged.
The wolf simulacrum bites you. The wolf simulacrum freezes you!
The wolf simulacrum closely misses you.
Unknown command.
Unknown command.
Casting: Hailstorm (safe; 1% risk of failure)
Confirm with . or Enter, or press ? or * to list all spells.
Casting: Hailstorm (safe; 1% risk of failure)
Press: ? - help, Dir - look around, f - activate A cannonade of hail descends around you!
The hail pelts the death yak simulacrum!
The death yak simulacrum partially resists.
The death yak simulacrum is severely damaged.
The wolf simulacrum bites you but does no damage.
The death yak simulacrum barely misses you.
Unknown command.
Casting: Hailstorm (safe; 1% risk of failure)
Confirm with . or Enter, or press ? or * to list all spells.
A film of ice covers your body!
The wolf simulacrum bites you but does no damage.
The wolf simulacrum bites you. The wolf simulacrum freezes you.
The death yak simulacrum gores you but does no damage.
Unknown command.
Unknown command.
You closely miss the wolf simulacrum.
The wolf simulacrum is almost destroyed.
The wolf simulacrum bites you. The wolf simulacrum freezes you!
The death yak simulacrum barely misses you.
The wolf simulacrum bites you but does no damage.
The death yak simulacrum gores you but does no damage.
Unknown command.
You closely miss the wolf simulacrum.
The wolf simulacrum is almost destroyed.
The wolf simulacrum barely misses you. The death yak simulacrum gores you!
The death yak simulacrum freezes you!!!
* * * LOW HITPOINT WARNING * * *
The wolf simulacrum barely misses you. The death yak simulacrum gores you!
You die...

#.Z.#
##...
#...#
##...##
##.....##
#...∩...#
#.......#
##.ZZZ.##
##.@.##
#####


You could see a wolf simulacrum and 2 death yak simulacra.

Vanquished Creatures
  Harold (D:10)
  A boulder beetle (D:13)
  A hydra (D:13)
  A two-headed ogre (D:12)
  A death yak (D:9)
  A deep elf pyromancer (D:13)
  2 cyclopes
  An unseen horror (D:13)
  A gargoyle (D:13)
  A komodo dragon (D:13)
  2 ice devils (D:11)
  A troll (D:12)
  Prince Ribbit (D:9)
  A hornet (D:9)
  14 slime creatures
  2 shadows
  2 wyverns (D:8)
  5 yaks (D:12)
  2 steam dragons
  2 vampire mosquitoes (D:13)
  A warg (D:9)
  2 water moccasins
  A black bear (D:6)
  7 orc warriors
  A sky beast (D:6)
  A necrophage (D:5)
  2 ogres
  6 centaurs
  A phantom (D:5)
  3 kobold brigands
  A bullfrog (D:9)
  A wyvern zombie (D:7)
  2 gnoll sergeants
  A scorpion (D:5)
  2 wyvern skeletons (D:7)
  16 killer bees
  15 wights
  3 howler monkeys
  A bullfrog zombie (D:5)
  2 centaur zombies (D:7)
  3 hounds
  A gnoll shaman (D:6)
  7 orc priests
  An iguana (D:6)
  A bullfrog skeleton (D:5)
  2 centaur skeletons (D:7)
  10 orc wizards
  A mummy (D:5)
  8 adders
  17 gnolls
  A shadow imp (D:8)
  2 ufetubi (D:5)
  An adder zombie (D:2)
  An adder skeleton (D:2)
  6 worms
  3 dart slugs
  37 orcs
  7 ball pythons
  A bat skeleton (D:2)
  8 endoplasms
  5 giant cockroaches
  9 goblins
  10 hobgoblins
  4 quokkas
  2 bats (D:2)
  2 frilled lizards
  A hobgoblin zombie (D:5)
  A jackal skeleton (D:2)
  A jackal zombie (D:2)
  14 kobolds
  2 kobold zombies (D:5)
  An orc zombie (D:5)
  3 rats
285 creatures vanquished.

Vanquished Creatures (collateral kills)
  An acid dragon (D:13)
  A centaur (D:12)
  A wight (D:9)
3 creatures vanquished.

Vanquished Creatures (others)
  3 withered plants (D:2)
3 creatures vanquished.

Grand Total: 291 creatures vanquished

Notes
Turn   | Place    | Note
-------+----------+-------------------------------------------
     0 | D:1      | gruber the Demonspawn Ice Elementalist began the quest for
                  | the Orb.
     0 | D:1      | Reached XP level 1. HP: 13/13 MP: 3/3
   310 | D:1      | Gained mutation: You regenerate magic rapidly. [demonic
                  | ancestry]
   310 | D:1      | Reached XP level 2. HP: 7/19 MP: 0/5
   716 | D:1      | Found a faded altar of an unknown god.
  1293 | D:2      | Gained mutation: You have sharp fingernails. [demonic
                  | ancestry]
  1293 | D:2      | Reached XP level 3. HP: 24/24 MP: 4/6
  1927 | D:2      | Reached XP level 4. HP: 30/30 MP: 3/8
  2592 | D:3      | Reached skill level 5 in Ice Magic
  2763 | D:3      | Learned a level 3 spell: Frozen Ramparts
  2768 | D:3      | Learned a level 4 spell: Hailstorm
  2786 | D:3      | Identified the +6 whip "Rex Gam" {flame, rC+}
  2996 | D:3      | Identified the +5 hand axe of Crusades {vorpal, *Rage rElec
                  | rCorr Stlth+}
  3228 | D:4      | Identified the +1 leather armour "Afeu" {Str+3}
  3317 | D:4      | Reached skill level 1 in Armour
  3317 | D:4      | Gained mutation: When hurt, damage is shared between your
                  | health and your magic reserves. [demonic ancestry]
  3317 | D:4      | Reached XP level 5. HP: 35/35 MP: 3/9
  3490 | D:4      | Found a large runed translucent door.
  3490 | D:4      | Found a large runed translucent door.
  3496 | D:4      | Noticed an ice beast
  3509 | D:4      | Noticed an ogre
  3514 | D:4      | Killed an ogre
  3588 | D:4      | Noticed an orc warrior
  3591 | D:4      | Killed an orc warrior
  3592 | D:4      | Reached XP level 6. HP: 41/41 MP: 4/10
  3741 | D:4      | Found a large runed translucent door.
  3741 | D:4      | Found a large runed translucent door.
  4116 | D:5      | Entered Level 5 of the Dungeon
  4450 | D:5      | Gained mutation: You have a somewhat thin skeletal
                  | structure. (Dex +2, Stealth+) [demonic ancestry]
  4450 | D:5      | Reached XP level 7. HP: 41/46 MP: 8/11
  4455 | D:5      | Reached skill level 5 in Armour
  4494 | D:5      | Identified the +6 longbow "Oqan Cuidadgh" {flame, rC+ Str+4
                  | Int+4}
  5009 | D:5      | Reached skill level 1 in Conjurations
  5533 | D:5      | Reached skill level 2 in Conjurations
  5676 | D:6      | Reached XP level 8. HP: 52/52 MP: 10/13
  5820 | D:6      | Found a staircase to the Ecumenical Temple.
  5904 | Temple   | Entered the Ecumenical Temple
  5914 | Temple   | Became a worshipper of Vehumet
  6242 | D:6      | Found Vidops's Distillery.
  6471 | D:7      | Learned a level 3 spell: Ozocubu's Armour
  6476 | D:7      | Learned a level 4 spell: Summon Ice Beast
  6690 | D:7      | Reached skill level 5 in Spellcasting
  6724 | D:7      | Reached skill level 1 in Summonings
  7032 | D:7      | Gained mutation: You have very sharp fingernails. [demonic
                  | ancestry]
  7032 | D:7      | Reached XP level 9. HP: 45/57 MP: 7/16
  7278 | D:7      | Noticed a hell hog
  7282 | D:7      | Reached skill level 3 in Conjurations
  7285 | D:7      | Reached * piety under Vehumet
  7285 | D:7      | Offered knowledge of Foxfire by Vehumet.
  7305 | D:7      | Reached skill level 4 in Conjurations
  7325 | D:7      | Noticed a brown ugly thing
  7416 | D:7      | Found a transporter.
  7437 | D:7      | Found a transporter.
  7480 | D:7      | Noticed casual's ghost (novice OpTm)
  7928 | D:8      | Found a shadowy altar of Dithmenos.
  7970 | D:8      | Reached skill level 5 in Conjurations
  8130 | D:8      | Reached skill level 6 in Conjurations
  8227 | D:8      | Reached ** piety under Vehumet
  8227 | D:8      | Offered knowledge of Shock by Vehumet.
  8228 | D:8      | Reached skill level 7 in Conjurations
  8522 | D:8      | Noticed a cyclops
  8532 | D:8      | Reached skill level 8 in Conjurations
  8545 | D:8      | Killed a cyclops
  8546 | D:8      | Reached XP level 10. HP: 35/63 MP: 4/17
  9040 | D:8      | Found Pijual's Assorted Antiques.
  9067 | D:8      | Reached skill level 9 in Conjurations
  9485 | D:8      | Found Asesaecw's Magic Scroll Emporium.
  9515 | D:7      | Offered knowledge of Static Discharge by Vehumet.
 10098 | D:9      | Reached skill level 10 in Conjurations
 10106 | D:9      | Reached *** piety under Vehumet
 10166 | D:9      | Noticed Prince Ribbit
 10171 | D:9      | Killed Prince Ribbit
 10233 | D:9      | Found a staircase to the Orcish Mines.
 10858 | D:9      | Found Plog's Antique Weapon Shop.
 10872 | D:9      | Reached skill level 11 in Conjurations
 10889 | D:9      | Offered knowledge of Conjure Flame by Vehumet.
 10959 | D:9      | Bought a shimmering morningstar for 243 gold pieces
 10959 | D:9      | Identified the +5 morningstar "Urepent" {elec, rF+ rCorr}
                  | (You bought it in a shop on level 9 of the Dungeon)
 11225 | D:10     | Entered Level 10 of the Dungeon
 11337 | D:10     | Noticed a death yak
 11376 | D:10     | Noticed Harold
 11388 | D:10     | Killed Harold
 11509 | D:10     | Noticed a death yak
 11510 | D:10     | Noticed a death yak
 11510 | D:10     | Noticed a death yak
 11511 | D:10     | Noticed a death yak
 11547 | D:9      | Killed a death yak
 11794 | D:10     | You are sucked into a shaft and drop 3 floors!
 11841 | D:13     | Gained mutation: You have a moderately thin skeletal
                  | structure. (Dex +4, Stealth++) [demonic ancestry]
 11841 | D:13     | Reached XP level 11. HP: 48/68 MP: 16/21
 12294 | D:13     | Noticed a deep elf pyromancer
 12300 | D:13     | Killed a deep elf pyromancer
 12404 | D:13     | Noticed a six-headed hydra
 12426 | D:13     | Killed a six-headed hydra
 12772 | D:13     | Found a burning altar of Makhleb.
 13337 | D:13     | Reached skill level 10 in Spellcasting
 13613 | D:13     | Noticed a boulder beetle
 13661 | D:13     | Killed a boulder beetle
 13661 | D:13     | Reached **** piety under Vehumet
 14227 | D:12     | Offered knowledge of Irradiate by Vehumet.
 14324 | D:12     | Noticed a two-headed ogre
 14332 | D:12     | Killed a two-headed ogre
 14599 | D:11     | Reached skill level 10 in Ice Magic
 14599 | D:11     | Reached XP level 12. HP: 38/74 MP: 15/26
 14607 | D:11     | Found Teofuses's Jewellery Boutique.
 14788 | D:11     | Noticed a two-headed ogre
 14794 | D:11     | Found a frozen archway.
 14845 | IceCv    | Entered an ice cave
 14857 | IceCv    | Mangled by a death yak simulacrum

Illustrated notes

Levels and vault maps discovered:
D:1:      wander_arrival_desolate, layout_loops_cross,
          hellmonk_ecumenical_altar_slurped_away
D:2:      layout_loops_ring, serial_undead, serial_undead_c, serial_undead_b,
          serial_undead_a, serial_undead_b, serial_undead_f, serial_undead_c
D:3:      layout_rooms, minivault_25, minmay_misc_feat_pillars,
          minmay_goblin_outpost
D:4:      layout_rooms, serial_forest, infiniplex_forest_clump_long,
          infiniplex_forest_clump_small, infiniplex_forest_zigzag_1,
          infiniplex_forest_clump_double, infiniplex_forest_clump_curved,
          infiniplex_forest_end_3, minivault_1, minmay_hollow_rounded_squares
D:5:      layout_rooms, minmay_mini_ossuary
D:6:      layout_rooms, minmay_temple_entry_poolview, serial_shops,
          nicolae_take_the_stairs
D:7:      layout_gridville, gammafunk_ghost_abyssal_escape,
          amcnicky_mini_corridor_feature
D:8:      layout_rooms, mainiacjoe_overflow_brackets, serial_shops,
          kennysheep_mini_moat, nicolae_shop_hallway_plus, grunt_potential
D:9:      layout_gridville, david_orc_3, serial_shops, nicolae_square_shop,
          minmay_holes, grunt_ministairs_9, uniq_prince_ribbit1
D:10:     layout_roguey, dpeg_lair_monsters, st_stairs_14, uniq_psyche,
          uniq_harold
D:11:     layout_basic, serial_shops, nicolae_shop_waterfront,
          portal_ice_cave_demonic_guard, uniq_gastronok
D:12:     nicolae_cairo_tiling_large_dashed, layout_basic, kennysheep_dice
D:13:     layout_loops_ring, bloody_makhleb
Temple:   dpeg_three_leaves_temple
IceCv:    ice_cave_small_necro

Skill      XL: |  1  2  3  4  5  6  7  8  9 10 11 |
---------------+----------------------------------+-----
Ice Magic      | 4 5 6 7 10 | 10.2
Spellcasting   | 3 5 7 10 | 10.0
Armour         | 1 3 4 5 |  5.0
Dodging        | 2 |  2.0
Conjurations   | 2 8 11 | 11.2
Summonings     | 3 |  3.6
Stealth        | |  1.7
Translocations | |  0.7
Earth Magic    | |  0.2
Invocations    | |  0.1

Action                   |  1- 3 |  4- 6 |  7- 9 | 10-12 || total
-------------------------+-------+-------+-------+-------++-------
Melee: Unarmed           |    17 |       |     8 |       ||    25
       Dagger            |    18 |    23 |       |       ||    41
       Punch             |     1 |       |       |       ||     1
       Whip              |       |    28 |    73 |       ||   101
       Morningstar       |       |       |       |    51 ||    51
 Fire: Longbow           |       |       |    51 |    87 ||   138
 Cast: Freeze            |    57 |    64 |    40 |    31 ||   192
       Frozen Ramparts   |       |     7 |    31 |    37 ||    75
       Ozocubu's Armour  |       |       |     6 |     8 ||    14
       Hailstorm         |       |       |    10 |    62 ||    72
       Summon Ice Beast  |       |       |     1 |    14 ||    15
  Use: Scroll            |       |       |     1 |       ||     1
 Stab: Sleeping          |     2 |       |     2 |     1 ||     5
       Confused          |       |       |     1 |       ||     1
       Distracted        |       |       |       |     2 ||     2
Armor: Robe              |    23 |     8 |       |       ||    31
       Leather armour    |       |    13 |    43 |    38 ||    94
       Skin              |       |       |     2 |       ||     2
Dodge: Dodged            |    59 |    71 |   123 |    68 ||   321

Table legend: (Time is in decaauts)
 A = Elapsed time spent in this place.
 B = Non-inter-level travel time spent in this place.
 C = Inter-level travel time spent in this place.
 D = Time resting spent in this place.
 E = Time spent auto-exploring this place.
 F = Levels seen in this place.
 G = Mean time per level.
                   A        B        C        D        E       F      G
               +--------+--------+--------+--------+--------+-----+--------+
         Total |  15002 |  14438 |    564 |    955 |  11051 |  15 | 1000.1 |
       Dungeon |  14971 |  14415 |    556 |    955 |  11051 |  13 | 1151.6 |
        Temple |     18 |     10 |      8 |      0 |      0 |   1 |   18.0 |
      Ice Cave |     12 |     12 |      0 |      0 |      0 |   1 |   12.0 |
               +--------+--------+--------+--------+--------+-----+--------+

Top non-repeatable levels by time:
    D:13: 2264 daAuts
     D:7: 1772 daAuts
     D:8: 1638 daAuts
     D:9: 1611 daAuts
     D:2: 1383 daAuts
     D:5: 1210 daAuts
     D:1: 1133 daAuts
     D:4: 1121 daAuts
     D:6: 882 daAuts
     D:3: 830 daAuts
    D:12: 549 daAuts
    D:10: 312 daAuts
    D:11: 260 daAuts
  Temple: 18 daAuts
   IceCv: 12 daAuts
